[Event "Marienbad Open-A2 2019"]
[Site "Marianske Lazne"]
[Date "2019.01.20"]
[Round "2"]
[White "Kriebel, Tadeas"]
[Black "Kovalev, Andrei"]
[Result "1/2-1/2"]
[ECO "E81"]
[WhiteElo "2519"]
[BlackElo "2520"]
[Annotator "ChessBase"]
[PlyCount "122"]
[EventDate "2019.01.17"]
[EventType "tourn"]
[EventCountry "CZE"]
[SourceTitle "playchess.com"]
[Source "ChessBase"]
[SourceQuality "1"]
[TimeControl "40/5400+30:1800+30"]

1. d4 Nf6 2. c4 g6 3. Nc3 Bg7 4. e4 d6 5. f3 O-O 6. Be3 c6 7. Qd2 a6 8. a4 a5 9. Bd3 e5 10. Nge2 Na6 11. Rd1 Qe7 12. O-O Nb4 13. Bb1 Be6 14. b3 Rfe8 15. Kh1 Bc8 16. Bg5 Qc7 17. f4 exd4 18. Nxd4 h6 19. Bh4 Na6 20. e5 dxe5 21. fxe5 Ng4 22. Ne4 Qxe5 23. Nf3 Qb2 24. Qf4 Bf5 25. h3 Bxe4 26. Bxe4 Nf6 27. Bb1 Nc5 28. Rd2 Qc3 29. Rc2 Ne6 30. Qc1 Qb4 31. Bxf6 Bxf6 32. Qxh6 Bg7 33. Qh4 Qxb3 34. Rcf2 Qe3 35. Nh2 Qg5 36. Qe4 Nd4 37. Qd3 Re7 38. Nf3 Nxf3 39. Rxf3 Rae8 40. Rg3 Qh6 41. c5 Re3 42. Rxe3 Qxe3 43. Qc4 Re6 44. Ba2 Bd4 45. Rd1 Bxc5 46. Qf1 Re7 47. Qf6 Kh7 48. Bxf7 Qg3 49. Bg8+ Kh6 50. Qh8+ Kg5 51. Rf1 Bf2 52. Qb2 Re1 53. Qd2+ Kh5 54. Qxa5+ b5 55. Rxe1 Bxe1 56. Qd8 Qf2 57. Be6 Qf1+ 58. Kh2 Qf4+ 59. Kh1 Qf1+ 60. Kh2 Qf4+ 61. Kh1 Qf1+ 1/2-1/2

[Event "Marienbad Open-A2 2019"]
[Site "Marianske Lazne"]
[Date "2019.01.20"]
[Round "2"]
[White "Swicarz, Maciej"]
[Black "Yeritsyan, Aram"]
[Result "1-0"]
[ECO "A18"]
[WhiteElo "2331"]
[BlackElo "2349"]
[Annotator "ChessBase"]
[PlyCount "159"]
[EventDate "2019.01.17"]
[EventType "tourn"]
[EventCountry "CZE"]
[SourceTitle "playchess.com"]
[Source "ChessBase"]
[SourceQuality "1"]
[TimeControl "40/5400+30:1800+30"]

1. c4 Nf6 2. Nc3 e6 3. e4 d5 4. e5 d4 5. exf6 dxc3 6. bxc3 Qxf6 7. Nf3 Nc6 8. d4 e5 9. d5 Nb8 10. Bg5 Qg6 11. h4 h6 12. h5 Qd6 13. Be3 Nd7 14. Qc2 Be7 15. Rd1 O-O 16. g4 Nc5 17. Rg1 f5 18. g5 e4 19. gxh6 exf3 20. hxg7 Rf6 21. h6 Bd7 22. Rd4 Kh7 23. Bf4 Qb6 24. Bh3 Bd6 25. Rg5 Re8+ 26. Be3 Be5 27. Rh4 Qb2 28. Qxb2 Nd3+ 29. Kd2 Nxb2 30. c5 b5 31. cxb6 cxb6 32. Rb4 f4 33. Bxd7 fxe3+ 34. fxe3 Rd8 35. Rxb2 Rxh6 36. Rxe5 Rh2+ 37. Kc1 Rh1+ 38. Kc2 Rxd7 39. Kd3 Rf7 40. Rf2 Rg1 41. Rh5+ Kxg7 42. Rh3 Rd1+ 43. Kc2 Rxd5 44. Rhxf3 Rxf3 45. Rxf3 Ra5 46. Kb3 Rc5 47. a4 Re5 48. Kc4 Re4+ 49. Kd5 Rxa4 50. e4 Ra1 51. e5 Rd1+ 52. Kc6 Re1 53. Kd6 b5 54. e6 a5 55. e7 Rd1+ 56. Kc6 Re1 57. Kxb5 Re5+ 58. Kb6 Rxe7 59. c4 a4 60. c5 Re1 61. c6 Rb1+ 62. Ka7 Rb3 63. c7 Rxf3 64. c8=Q Rf6 65. Qg4+ Rg6 66. Qd4+ Rf6 67. Qg4+ Rg6 68. Qxa4 Re6 69. Kb7 Kf6 70. Qf4+ Kg6 71. Kc7 Rf6 72. Qg4+ Kh6 73. Kd7 Kh7 74. Ke7 Rg6 75. Qh5+ Kg7 76. Qe5+ Kg8 77. Qd4 Rh6 78. Qg4+ Kh8 79. Kf7 Rg6 80. Kxg6 1-0

[Event "Marienbad Open-A2 2019"]
[Site "Marianske Lazne"]
[Date "2019.01.20"]
[Round "2"]
[White "Kulkarni Bhakti"]
[Black "Liu, Guanchu"]
[Result "1-0"]
[ECO "E43"]
[WhiteElo "2303"]
[BlackElo "2425"]
[Annotator "RC"]
[PlyCount "65"]
[EventDate "2019.01.17"]
[EventType "tourn"]
[EventCountry "CZE"]
[SourceTitle "playchess.com"]
[Source "ChessBase"]
[SourceQuality "1"]
[TimeControl "40/5400+30:1800+30"]

1. d4 Nf6 2. c4 e6 3. Nc3 Bb4 4. e3 b6 5. f3 Ba6 6. Bd3 c5 7. Nge2 Nc6 8. O-O Bxc3 9. bxc3 Na5 10. e4 Bxc4 11. Bxc4 Nxc4 12. Qa4 Na5 13. e5 Nd5 14. c4 Ne7 15. dxc5 Nac6 16. Ng3 Nxe5 17. Bb2 f6 18. Rad1 N5c6 19. Rf2 O-O 20. Rfd2 bxc5 21. Rxd7 Qb6 22. Ba3 Rad8 23. Ne4 Rxd7 24. Rxd7 Rd8 25. Rxd8+ Qxd8 26. Bxc5 h6 27. Nd6 Qc7 28. Qa3 Ng6 29. Qe3 Nce5 30. Nb5 Qa5 31. a3 Nxc4 32. Qxe6+ Kh7 33. Qxc4 1-0

[Event "Marienbad Open-A2 2019"]
[Site "Marianske Lazne"]
[Date "2019.01.21"]
[Round "3"]
[White "Kovalev, Andrei"]
[Black "Swicarz, Maciej"]
[Result "1-0"]
[ECO "B51"]
[WhiteElo "2520"]
[BlackElo "2331"]
[Annotator "ChessBase"]
[PlyCount "45"]
[EventDate "2019.01.17"]
[EventType "tourn"]
[EventCountry "CZE"]
[SourceTitle "playchess.com"]
[Source "ChessBase"]
[SourceQuality "1"]
[TimeControl "40/5400+30:1800+30"]

1. e4 c5 2. Nf3 d6 3. Bb5+ Nd7 4. d4 cxd4 5. Qxd4 a6 6. Bxd7+ Bxd7 7. Bg5 Qa5+ 8. Nc3 Bg4 9. b4 Qd8 10. Nd5 f6 11. Be3 g6 12. Qd3 Kf7 13. Bb6 Qd7 14. Nd4 e5 15. f3 exd4 16. fxg4 Re8 17. O-O Qxg4 18. Rf4 Qc8 19. Bxd4 Bg7 20. Raf1 Re6 21. Qb3 Qd8 22. R4f3 g5 23. Rc3 1-0

[Event "Marienbad Open-A2 2019"]
[Site "Marianske Lazne"]
[Date "2019.01.21"]
[Round "3"]
[White "Simacek, Pavel"]
[Black "Swayams, Mishra"]
[Result "1/2-1/2"]
[ECO "A05"]
[WhiteElo "2481"]
[BlackElo "2432"]
[Annotator "RC"]
[PlyCount "190"]
[EventDate "2019.01.17"]
[EventType "tourn"]
[EventCountry "CZE"]
[SourceTitle "playchess.com"]
[Source "ChessBase"]
[SourceQuality "1"]
[TimeControl "40/5400+30:1800+30"]

1. Nf3 Nf6 2. b3 b6 3. Bb2 Bb7 4. g3 g6 5. Bg2 Bg7 6. c4 O-O 7. O-O c5 8. d4 cxd4 9. Qxd4 d6 10. Qh4 Nbd7 11. Nbd2 h6 12. Qh3 Nc5 13. Bxf6 exf6 14. Rad1 Qe7 15. Nd4 f5 16. Bxb7 Qxb7 17. e3 Rad8 18. Qg2 d5 19. h4 h5 20. Nc2 Rd7 21. cxd5 Qxd5 22. Qxd5 Rxd5 23. Nb4 Rd7 24. Nf3 Rfd8 25. Rxd7 Rxd7 26. Rc1 Rd6 27. Kf1 Bb2 28. Rb1 Bf6 29. Rc1 Bb2 30. Rb1 Bc3 31. Nc2 Ne4 32. Ncd4 Bxd4 33. exd4 Rc6 34. Rb2 Rc1+ 35. Ke2 Kf8 36. Ne5 Ke7 37. Nd3 Rc7 38. Ke3 Kd6 39. Nf4 Rc3+ 40. Ke2 Rc1 41. Nd3 Rc7 42. Nf4 b5 43. f3 Nc3+ 44. Kd3 b4 45. Rc2 Re7 46. a3 a5 47. Rc1 Rc7 48. axb4 axb4 49. Ra1 Rc6 50. Ra5 Nb1 51. Ne2 Nc3 52. Nf4 Nb1 53. Rd5+ Kc7 54. Rc5 Rxc5 55. dxc5 Kc6 56. Ke3 Na3 57. Kd4 Nc2+ 58. Kc4 Ne1 59. Nd5 Nxf3 60. Nxb4+ Kb7 61. Kd5 Nd2 62. Nd3 Nxb3 63. Ne5 Nd2 64. Nxf7 Kc7 65. Ne5 Ne4 66. Nxg6 Nxg3 67. Nf4 Nf1 68. Ne6+ Kc8 69. Ke5 Kd7 70. Nd4 Ne3 71. Nxf5 Ng2 72. Kd5 Nf4+ 73. Kc4 Kc7 74. Nd4 Ng6 75. Nf3 Kc6 76. Kd4 Nf4 77. Ne5+ Kc7 78. Kc4 Ng2 79. Ng6 Ne3+ 80. Kd4 Ng2 81. Kd5 Ne3+ 82. Ke4 Ng2 83. Ke5 Kc6 84. Kd4 Kc7 85. Kc3 Ne3 86. Ne5 Nf5 87. Nf3 Ne7 88. Nd4 Ng6 89. Nf5 Nf4 90. Kc4 Ng6 91. Kb5 Ne5 92. Ne7 Kd7 93. Nf5 Kc7 94. Nd4 Ng6 95. Nf5 Ne5 1/2-1/2

[Event "Marienbad Open-A2 2019"]
[Site "Marianske Lazne"]
[Date "2019.01.21"]
[Round "3"]
[White "Gungl, Theo"]
[Black "Kriebel, Tadeas"]
[Result "1/2-1/2"]
[ECO "C68"]
[WhiteElo "2368"]
[BlackElo "2519"]
[Annotator "ChessBase"]
[PlyCount "68"]
[EventDate "2019.01.17"]
[EventType "tourn"]
[EventCountry "CZE"]
[SourceTitle "playchess.com"]
[Source "ChessBase"]
[SourceQuality "1"]
[TimeControl "40/5400+30:1800+30"]

1. e4 e5 2. Nf3 Nc6 3. Bb5 a6 4. Bxc6 dxc6 5. O-O Be7 6. d3 f6 7. Be3 Bg4 8. Nbd2 Qd7 9. Rb1 c5 10. a3 a5 11. Qe2 Bd6 12. h3 Bh5 13. Rfe1 Bf7 14. c3 Ne7 15. d4 cxd4 16. cxd4 exd4 17. Nxd4 O-O 18. Nc4 Bc5 19. Nf5 Nxf5 20. Bxc5 Rfe8 21. Ne3 Nxe3 22. Qxe3 Rad8 23. Qf4 b6 24. Be3 a4 25. f3 c5 26. Qg3 Bb3 27. Qf2 Qe6 28. Re2 Rd3 29. Rbe1 Red8 30. Rd2 Qe5 31. Ree2 h6 32. Rxd3 Rxd3 33. Rd2 Qd6 34. Rxd3 Qxd3 1/2-1/2

[Event "Marienbad Open-A2 2019"]
[Site "Marianske Lazne"]
[Date "2019.01.21"]
[Round "3"]
[White "Yeritsyan, Aram"]
[Black "Kulkarni, Bhakti"]
[Result "0-1"]
[ECO "C47"]
[WhiteElo "2349"]
[BlackElo "2303"]
[Annotator "ChessBase"]
[PlyCount "71"]
[EventDate "2019.01.17"]
[EventType "tourn"]
[EventCountry "CZE"]
[SourceTitle "playchess.com"]
[Source "ChessBase"]
[SourceQuality "1"]
[TimeControl "40/5400+30:1800+30"]

1. e4 e5 2. Nf3 Nc6 3. Nc3 Nf6 4. Be2 Be7 5. O-O O-O 6. d4 exd4 7. Nxd4 d6 8. Bf4 Ne5 9. Bg3 Re8 10. f4 Ng6 11. Bf3 Bf8 12. Qd2 c6 13. Rae1 Bg4 14. Bxg4 Nxg4 15. Kh1 Qb6 16. Nb3 Rad8 17. h3 Nf6 18. Bf2 Qc7 19. a4 d5 20. e5 Nd7 21. Nd4 Nb6 22. Bg3 Nc4 23. Qc1 Bc5 24. Nf5 Qc8 25. Nh4 Be3 26. Rxe3 Nxe3 27. Qxe3 d4 28. Qe4 dxc3 29. bxc3 Nxh4 30. Bxh4 Rd5 31. Qe3 Ra5 32. Qd4 Qe6 33. Bg3 Qd5 34. Qb4 Rc5 35. Qxb7 Rxc3 36. Rf2 0-1

[Event "Marienbad Open-A2 2019"]
[Site "Marianske Lazne"]
[Date "2019.01.22"]
[Round "4"]
[White "Kovalev, Andrei"]
[Black "Gungl, Theo"]
[Result "0-1"]
[ECO "B80"]
[WhiteElo "2520"]
[BlackElo "2368"]
[Annotator "RC"]
[PlyCount "90"]
[EventDate "2019.01.17"]
[EventType "tourn"]
[EventCountry "CZE"]
[SourceTitle "playchess.com"]
[Source "ChessBase"]
[SourceQuality "1"]
[TimeControl "40/5400+30:1800+30"]

1. e4 c5 2. Nc3 d6 3. Nf3 Nf6 4. d4 cxd4 5. Nxd4 a6 6. g3 e6 7. Bg2 Qc7 8. O-O Nc6 9. Nxc6 bxc6 10. Na4 Bb7 11. c4 c5 12. Qe2 Be7 13. b3 Bc6 14. Nc3 O-O 15. Bb2 Nd7 16. Nd5 Bxd5 17. exd5 e5 18. Bh3 Rae8 19. Rae1 Qd8 20. Bc3 g6 21. Qb2 f5 22. Re2 Bf6 23. f3 Qc7 24. Kh1 Kg7 25. Rfe1 Re7 26. Rg1 Kg8 27. g4 fxg4 28. Bxg4 Bg7 29. Qd2 Nf6 30. Be6+ Kh8 31. f4 exf4 32. Qxf4 Nd7 33. Qh4 Ne5 34. Bxe5 Bxe5 35. Rxg6 Rg7 36. Rg4 Bd4 37. h3 a5 38. Bf5 Qf7 39. Rxg7 Qxg7 40. Bg4 Qf7 41. Qe1 h5 42. Be6 Qf3+ 43. Kh2 Bc3 44. Qd1 Be5+ 45. Kg1 Rf6 0-1

[Event "Marienbad Open-A2 2019"]
[Site "Marianske Lazne"]
[Date "2019.01.22"]
[Round "4"]
[White "Vokac, Marek"]
[Black "Yeritsyan, Aram"]
[Result "0-1"]
[ECO "A05"]
[WhiteElo "2380"]
[BlackElo "2349"]
[Annotator "NA"]
[PlyCount "108"]
[EventDate "2019.01.17"]
[EventType "tourn"]
[EventCountry "CZE"]
[SourceTitle "playchess.com"]
[Source "ChessBase"]
[SourceQuality "1"]
[TimeControl "40/5400+30:1800+30"]

1. Nf3 Nf6 2. g3 b5 3. a4 b4 4. Bg2 Bb7 5. O-O e6 6. d3 d6 7. e4 c5 8. Nbd2 {[%emt 0:01:06] A05: Réti Opening: 1 Nf3 Nf6} Be7 (8... Nc6 9. Nc4 Qc7 10. Re1 Be7 11. a5 Rd8 12. a6 Ba8 13. Bf4 O-O 14. e5 dxe5 15. Nfxe5 Qc8 16. Nxc6 Bxc6 17. Bxc6 Qxc6 {0-1 (53) Naiditsch,A (2705)-Fedorchuk,S (2648) Riadh 2017}) 9. Re1 Nbd7 10. Nc4 O-O 11. Bf4 d5 12. exd5 Bxd5 $146 ({Predecessor:} 12... Nxd5 13. Bd6 N5b6 14. Bxe7 Qxe7 {0-1 (41) Roth,N (2242)-Ivanov,V (2478) Bayern 2005}) 13. a5 Rc8 14. c3 Nb8 15. Nfe5 Nc6 16. Nxc6 Rxc6 17. Bxd5 Nxd5 18. Bd2 Bf6 19. Qb3 Qc7 20. cxb4 Nxb4 21. Bxb4 Rb8 22. Ra4 Qb7 23. Re4 cxb4 24. h4 Qb5 25. Kg2 Be7 26. Ne5 Ra6 27. Qc4 Qb7 28. Kh2 Rc8 29. Qd4 Bc5 30. Qd7 Qxd7 31. Nxd7 Bxf2 32. Rexb4 Rd6 33. Ne5 f6 34. Ng4 Be1 35. Re4 Rc2+ 36. Kh3 Rc1 37. Rac4 Rxc4 38. dxc4 Bxa5 39. c5 Rc6 40. b4 {[%emt 0:02:56] [#]} f5 $1 41. Ne5 Rxc5 42. bxc5 fxe4 43. Kg2 Bc7 44. Nc4 a5 45. g4 a4 46. Kf2 Bf4 47. c6 Kf7 48. Na3 Ke7 49. Nb5 Bc1 50. Ke2 a3 51. Nc3 Bb2 52. Na2 Kd6 53. Ke3 Kxc6 54. Kxe4 Kc5 {[%emt 0:00:16] Kd4+} 0-1

[Event "Marienbad Open-A2 2019"]
[Site "Marianske Lazne"]
[Date "2019.01.22"]
[Round "5"]
[White "Gungl, Theo"]
[Black "Swicarz, Maciej"]
[Result "0-1"]
[ECO "B17"]
[WhiteElo "2368"]
[BlackElo "2331"]
[Annotator "NA"]
[PlyCount "142"]
[EventDate "2019.01.17"]
[EventType "tourn"]
[EventCountry "CZE"]
[SourceTitle "playchess.com"]
[Source "ChessBase"]
[SourceQuality "1"]
[TimeControl "40/5400+30:1800+30"]

1. e4 c6 2. d4 d5 3. Nc3 dxe4 4. Nxe4 Nd7 5. Ng5 Ngf6 6. Bd3 e6 7. N1f3 h6 8. Nxe6 fxe6 9. Bg6+ Ke7 10. O-O Qc7 11. Re1 Kd8 12. Ne5 Nxe5 13. dxe5+ Nd7 14. Be3 Qa5 15. Qg4 Nb6 16. Rad1+ Kc7 17. Bf7 Qb4 18. Qg6 Qe7 19. Rd6 Bd7 20. Bxe6 Bxe6 21. Qxe6 Qxe6 22. Rxe6 Nd5 23. Rg6 Rd8 24. g3 Rg8 25. c3 a5 26. a3 a4 27. Rg4 Nxe3 28. Rxe3 Bc5 29. Re2 b5 30. Kg2 g5 31. h4 Rdf8 32. f3 Be7 33. hxg5 hxg5 34. Rd2 Rf5 35. f4 Rgf8 36. Rd4 Bc5 37. Re4 Kd7 38. Kf3 Ke6 39. Re2 Be7 40. Ke4 Rh8 41. Rd2 Rh1 42. Re2 Rf8 43. fxg5 Rh5 44. Kd3 Rd8+ 45. Kc2 Rxg5 46. Rh4 Rxe5 47. Rh6+ Bf6 48. Rf2 Rf5 49. Re2+ Kf7 50. g4 Rg5 51. Re4 Rdd5 52. Rf4 Rd6 53. Re4 Rgd5 54. Rh2 Bg5 55. Re1 Kg6 56. Rhe2 Bf4 57. Re6+ Kg5 58. Rxd6 Rxd6 59. c4 Kxg4 60. cxb5 cxb5 61. b3 Kf5 62. bxa4 bxa4 63. Re8 Be5 64. Rc8 Rd4 65. Rc5 Ke6 66. Kc3 Rh4+ 67. Kd3 Bd6 68. Rc4 Rh3+ 69. Kc2 Rxa3 70. Kb2 Rb3+ 71. Ka2 Rb4 0-1

[Event "Marienbad Open-A2 2019"]
[Site "Marianske Lazne"]
[Date "2019.01.22"]
[Round "5"]
[White "Yeritsyan, Aram"]
[Black "Swayams, Mishra"]
[Result "0-1"]
[ECO "C24"]
[WhiteElo "2349"]
[BlackElo "2432"]
[Annotator "NA"]
[PlyCount "100"]
[EventDate "2019.01.17"]
[EventType "tourn"]
[EventCountry "CZE"]
[SourceTitle "playchess.com"]
[Source "ChessBase"]
[SourceQuality "1"]
[TimeControl "40/5400+30:1800+30"]

1. e4 e5 2. Bc4 Nf6 3. d3 Bc5 4. Nc3 Nc6 5. f4 d6 6. Nf3 a6 7. f5 Na5 8. a3 Nxc4 9. dxc4 h6 10. Qe2 b5 11. cxb5 axb5 12. b4 Bd4 13. Nxd4 exd4 14. Nd5 O-O 15. O-O Re8 16. Qd3 c5 17. Bb2 Bb7 18. Nxf6+ Qxf6 19. Rae1 c4 20. Qxd4 Qxd4+ 21. Bxd4 Bxe4 22. c3 f6 23. Ra1 Bd3 24. Rf2 Rxa3 25. Rfa2 Rxa2 26. Rxa2 Bxf5 27. Kf2 h5 28. Ra6 Be4 29. Rxd6 Ra8 30. Be3 Bd3 31. h4 Ra2+ 32. Kf3 Rc2 33. Rd5 Be2+ 34. Kf4 Rxc3 35. Rxb5 Rb3 36. Rb8+ Kh7 37. b5 Bf1 38. g3 Bg2 39. b6 g5+ 40. hxg5 fxg5+ 41. Kxg5 Rxe3 42. Rc8 Re5+ 43. Kh4 Rb5 44. Rxc4 Bf3 45. Rc3 Bg4 46. Rc7+ Kg6 47. Rc6+ Kf5 48. b7 Rb1 49. Rc5+ Kf6 50. Rc6+ Be6 0-1

[Event "Marienbad Open-A2 2019"]
[Site "Marianske Lazne"]
[Date "2019.01.22"]
[Round "5"]
[White "Kulkarni, Bhakti"]
[Black "Vokac, Marek"]
[Result "1/2-1/2"]
[ECO "B06"]
[WhiteElo "2303"]
[BlackElo "2380"]
[Annotator "NA"]
[PlyCount "103"]
[EventDate "2019.01.17"]
[EventType "tourn"]
[EventCountry "CZE"]
[SourceTitle "playchess.com"]
[Source "ChessBase"]
[SourceQuality "1"]
[TimeControl "40/5400+30:1800+30"]

1. d4 g6 2. e4 Bg7 3. Nc3 c6 4. Nf3 d6 5. h3 Nf6 6. Be2 O-O 7. O-O Nbd7 8. e5 Nd5 9. Nxd5 cxd5 10. exd6 exd6 11. c3 Nb6 12. Bf4 Be6 13. Qb3 Qc7 14. Bd3 Rfe8 15. Rfe1 Bd7 16. Qa3 Bf8 17. Rxe8 Rxe8 18. Re1 Rxe1+ 19. Nxe1 a6 20. Qa5 Be6 21. Nc2 Kg7 22. Ne3 Be7 23. Ng4 h5 24. Ne3 Na8 25. Qa4 Nb6 26. Qd1 Qd7 27. Qc2 Qc6 28. Qe2 Qa4 29. g4 hxg4 30. hxg4 Qd7 31. f3 Nc8 32. Qg2 Kg8 33. Bc2 b5 34. Qg3 Bf8 35. Nf5 Qe8 36. Kf2 b4 37. Nxd6 Nxd6 38. Bxd6 bxc3 39. Bxf8 Qxf8 40. bxc3 Qc8 41. Qe5 Qxc3 42. Bxg6 Qd2+ 43. Kg3 Qd1 44. Qe3 Qa4 45. Bb1 Kf8 46. a3 Qd1 47. Ba2 a5 48. Bb3 Qb1 49. f4 f6 50. Qxe6 Qg1+ 51. Kf3 Qf1+ {[%emt 0:00:03] Ke4} 52. Kg3 1/2-1/2

[Event "Marienbad Open-A2 2019"]
[Site "Marianske Lazne"]
[Date "2019.01.23"]
[Round "6"]
[White "Kovalev, Andrei"]
[Black "Liu, Guanchu"]
[Result "0-1"]
[ECO "B22"]
[WhiteElo "2520"]
[BlackElo "2425"]
[Annotator "RC"]
[PlyCount "94"]
[EventDate "2019.01.17"]
[EventType "tourn"]
[EventCountry "CZE"]
[SourceTitle "playchess.com"]
[Source "ChessBase"]
[SourceQuality "1"]
[TimeControl "40/5400+30:1800+30"]

1. e4 c5 2. Nf3 g6 3. Bc4 Bg7 4. c3 d6 5. d4 cxd4 6. cxd4 Nf6 7. Nc3 O-O 8. h3 Nxe4 9. Nxe4 d5 10. Bd3 dxe4 11. Bxe4 Nc6 12. d5 Nb4 13. Qb3 Qd6 14. O-O f5 15. Bd2 a5 16. Bxb4 Qxb4 17. Bc2 Qxb3 18. Bxb3 a4 19. Bc4 b5 20. Bxb5 a3 21. b3 Bxa1 22. Rxa1 Bb7 23. Bc6 Bxc6 24. dxc6 Ra5 25. Re1 Rc8 26. Ne5 Rc5 27. Re2 Rc1+ 28. Kh2 Rb1 29. Rd2 Rb2 30. Rd7 Kf8 31. Ra7 Rxa2 32. f4 Ra1 33. Kg3 a2 34. Kh4 Rf1 35. Rxa2 Rxf4+ 36. g4 Rb4 37. Re2 Rxb3 38. gxf5 gxf5 39. Kg5 Rxh3 40. Kxf5 Rh6 41. Rc2 Rc7 42. Ke4 e6 43. Kd4 Rh5 44. Re2 Ke7 45. Kc5 Rc8 46. Kb6 Rxe5 47. Rxe5 Kd6 0-1

[Event "Marienbad Open-A2 2019"]
[Site "Marianske Lazne"]
[Date "2019.01.23"]
[Round "6"]
[White "Swicarz, Maciej"]
[Black "Vokac, Marek"]
[Result "1-0"]
[ECO "B90"]
[WhiteElo "2331"]
[BlackElo "2380"]
[Annotator "NA"]
[PlyCount "111"]
[EventDate "2019.01.17"]
[EventType "tourn"]
[EventCountry "CZE"]
[SourceTitle "playchess.com"]
[Source "ChessBase"]
[SourceQuality "1"]
[TimeControl "40/5400+30:1800+30"]

1. e4 c5 2. Nf3 d6 3. d4 cxd4 4. Nxd4 Nf6 5. Nc3 a6 6. f3 e5 7. Nb3 Be7 8. Be3 Be6 9. Qd2 O-O 10. O-O-O a5 11. a4 Na6 12. g4 Nb4 13. g5 Nh5 14. h4 Qc8 15. Kb1 Ng3 16. Rg1 Nxf1 17. Rgxf1 Qc4 18. Nc1 Rfc8 19. f4 Bg4 20. Rde1 d5 21. fxe5 dxe4 22. Rf4 Be6 23. N1e2 Rd8 24. Nd4 Na2 25. Nxe4 Qxa4 26. Nxe6 Rxd2 27. Nf6+ gxf6 28. Rxa4 Rg2 29. Nf4 Rg4 30. Rxa2 fxe5 31. Nd5 Bd8 32. Bb6 Rxh4 33. Bxd8 Rxd8 34. Rxa5 Kg7 35. Ne7 Rh2 36. Raxe5 Rdd2 37. Rc5 Rde2 38. Nf5+ Kg6 39. Ne7+ Kg7 40. Nf5+ Kg6 41. Rd1 b6 42. Rd6+ Kxg5 43. Rxb6 Ref2 44. Nd6+ Kg4 45. Rb4+ Rf4 46. Rxf4+ Kxf4 47. Rf5+ Kg4 48. Rxf7 h5 49. Nf5 Re2 50. b3 Re5 51. Nd4 Re3 52. Kc1 h4 53. Kd2 Re8 54. Rg7+ Kh3 55. Nf5 Re5 56. Nxh4 1-0

[Event "Marienbad Open-A2 2019"]
[Site "Marianske Lazne"]
[Date "2019.01.24"]
[Round "7"]
[White "Vokac, Marek"]
[Black "Swayams, Mishra"]
[Result "0-1"]
[ECO "D35"]
[WhiteElo "2380"]
[BlackElo "2432"]
[Annotator "NA RC"]
[PlyCount "66"]
[EventDate "2019.01.17"]
[EventType "tourn"]
[EventCountry "CZE"]
[SourceTitle "playchess.com"]
[Source "ChessBase"]
[SourceQuality "1"]
[TimeControl "40/5400+30:1800+30"]

1. c4 e6 2. Nc3 d5 3. d4 Nf6 4. Bg5 Bb4 5. cxd5 exd5 6. e3 h6 7. Bxf6 Qxf6 8. Qb3 Qd6 9. a3 Bxc3+ 10. bxc3 O-O 11. Nf3 c5 12. dxc5 Qxc5 13. Qb4 Qc7 14. Bd3 Be6 15. O-O Nd7 16. Nd4 Ne5 17. Be2 Rac8 18. Rab1 b6 19. Ba6 Rcd8 20. Rbc1 Bc8 21. Be2 Bb7 22. a4 Rfe8 23. h3 Kh8 24. Rcd1 a6 25. Rb1 Rd6 26. a5 Nd7 27. Bg4 b5 28. Bxd7 Qxd7 29. Rbd1 Rg6 30. Kh2 Re4 31. Rh1 Rh4 32. f4 Qg4 33. Qb2 Rxh3+ 0-1

[Event "Marienbad Open-A2 2019"]
[Site "Marianske Lazne"]
[Date "2019.01.24"]
[Round "7"]
[White "Yeritsyan, Aram"]
[Black "Kovalev, Andrei"]
[Result "1/2-1/2"]
[ECO "B41"]
[WhiteElo "2349"]
[BlackElo "2520"]
[Annotator "ChessBase"]
[PlyCount "96"]
[EventDate "2019.01.17"]
[EventType "tourn"]
[EventCountry "CZE"]
[SourceTitle "playchess.com"]
[Source "ChessBase"]
[SourceQuality "1"]
[TimeControl "40/5400+30:1800+30"]

1. e4 c5 2. Nf3 e6 3. d4 cxd4 4. Nxd4 a6 5. c4 Nf6 6. Nc3 Qc7 7. Be2 b6 8. Be3 Bb7 9. f3 Nc6 10. Qd2 Bc5 11. O-O Nxd4 12. Bxd4 Qd6 13. Rfd1 Qxd4+ 14. Qxd4 Bxd4+ 15. Rxd4 e5 16. Rd6 Bc6 17. b4 Ke7 18. Rad1 Rhc8 19. f4 exf4 20. e5 Ne8 21. R6d4 f6 22. exf6+ Nxf6 23. Rxf4 Re8 24. Rfd4 Kd8 25. Bd3 Kc7 26. Rc1 Re5 27. b5 Bb7 28. Na4 d6 29. bxa6 Bxa6 30. Rb1 Bb7 31. Nc3 Bc6 32. Bc2 Rae8 33. Rbd1 Rc5 34. Ba4 Re3 35. Nb5+ Bxb5 36. Bxb5 Re6 37. a4 Rce5 38. R4d2 h5 39. Ra2 Ng4 40. g3 h4 41. gxh4 Ne3 42. Rc1 Rf5 43. Kh1 Ng4 44. Rg2 Nf2+ 45. Kg1 Nh3+ 46. Kh1 Nf2+ 47. Kg1 Nh3+ 48. Kh1 Nf2+ 1/2-1/2

[Event "Marienbad Open-A2 2019"]
[Site "Marianske Lazne"]
[Date "2019.01.25"]
[Round "8"]
[White "Gungl, Theo"]
[Black "Yeritsyan, Aram"]
[Result "1-0"]
[ECO "E40"]
[WhiteElo "2368"]
[BlackElo "2349"]
[Annotator "NA"]
[PlyCount "85"]
[EventDate "2019.01.17"]
[EventType "tourn"]
[EventCountry "CZE"]
[SourceTitle "playchess.com"]
[Source "ChessBase"]
[SourceQuality "1"]
[TimeControl "40/5400+30:1800+30"]

1. d4 Nf6 2. c4 e6 3. Nc3 Bb4 4. e3 d5 5. Nge2 dxc4 6. a3 Ba5 7. Qa4+ Nc6 8. Qxc4 O-O 9. b4 Bb6 10. g3 e5 11. d5 Ne7 12. Bg2 c6 13. e4 cxd5 14. exd5 Bf5 15. Bg5 Rc8 16. Qa2 Ne8 17. Rd1 Nd6 18. O-O f6 19. Bc1 Qd7 20. Qb3 Rc4 21. Bb2 Rfc8 22. Rc1 Bh3 23. Qd1 Ng6 24. Na4 Bxg2 25. Kxg2 Nh4+ 26. gxh4 Rxh4 27. Rxc8+ Qxc8 28. Ng1 Qf5 29. Nxb6 Qg6+ 30. Kh1 e4 31. Qb3 Qh5 32. Qg3 Nf5 33. Qb8+ Kf7 34. Nd7 Qg4 35. Bxf6 gxf6 36. Qf8+ Kg6 37. Qxf6+ Kh5 38. Qf7+ Kh6 39. Qf6+ Kh5 40. Qf7+ Kh6 41. Qe6+ Kg5 42. Qg8+ Kf4 43. Qxg4+ 1-0

[Event "Marienbad Open-A2 2019"]
[Site "Marianske Lazne"]
[Date "2019.01.26"]
[Round "9"]
[White "Swayams, Mishra"]
[Black "Kriebel, Tadeas"]
[Result "0-1"]
[ECO "A40"]
[WhiteElo "2432"]
[BlackElo "2519"]
[Annotator "ChessBase"]
[PlyCount "184"]
[EventDate "2019.01.17"]
[EventType "tourn"]
[EventCountry "CZE"]
[SourceTitle "playchess.com"]
[Source "ChessBase"]
[SourceQuality "1"]
[TimeControl "40/5400+30:1800+30"]

1. d4 Nf6 2. Nf3 g6 3. Bg5 Bg7 4. Nbd2 O-O 5. c3 d6 6. e4 h6 7. Bh4 Bg4 8. h3 Bxf3 9. Qxf3 Nbd7 10. Be2 c5 11. d5 a6 12. a4 b5 13. O-O c4 14. axb5 axb5 15. b3 Qb6 16. bxc4 Ne5 17. Qe3 Qxe3 18. fxe3 g5 19. Bf2 Nxc4 20. Bxc4 bxc4 21. Rfc1 Rfc8 22. Kf1 Nd7 23. Rxa8 Rxa8 24. Nxc4 Ra4 25. Nd2 Ra2 26. Be1 Nc5 27. c4 Kh7 28. Rb1 Kg6 29. Rd1 Bc3 30. Nf3 Bxe1 31. Rxe1 Nxe4 32. Rd1 Rc2 33. Rd4 Ng3+ 34. Ke1 Re2+ 35. Kd1 Rxe3 36. Rd2 Ne4 37. Rb2 f5 38. Rb8 g4 39. hxg4 fxg4 40. Ne1 Rc3 41. Rg8+ Kf7 42. Rxg4 Rxc4 43. Rf4+ Kg6 44. Nd3 Nc3+ 45. Kd2 Rxf4 46. Nxf4+ Kf5 47. Ke3 Kg4 48. Ng6 Nxd5+ 49. Kd4 Kf5 50. Nh4+ Ke6 51. Ke4 Nf6+ 52. Kf4 Nh5+ 53. Kg4 Ng7 54. Kf4 Kf6 55. Ke4 e6 56. Nf3 h5 57. Nd2 d5+ 58. Kf3 Kg5 59. Nb3 e5 60. Nc5 e4+ 61. Kf2 Kf4 62. g3+ Ke5 63. Nd7+ Ke6 64. Nf8+ Kf5 65. Nd7 d4 66. Nb6 Ne8 67. Nd5 Nf6 68. Ne7+ Ke6 69. Ng6 Kd5 70. Ke2 d3+ 71. Kd1 e3 72. Nf4+ Ke4 73. Ne6 Ng4 74. Nc5+ Kd4 75. Ne6+ Kc3 76. Nf4 Nf2+ 77. Ke1 d2+ 78. Ke2 d1=Q+ 79. Kxe3 Ng4+ 80. Ke4 Qc2+ 81. Kf3 Nh2+ 82. Ke3 Nf1+ 83. Kf3 Nd2+ 84. Kf2 Qf5 85. Kg2 Qe4+ 86. Kg1 Qe1+ 87. Kh2 Nf1+ 88. Kh1 Nxg3+ 89. Kg2 Ne4 90. Kf3 Nd2+ 91. Kg2 Qf1+ 92. Kg3 Qf3+ 0-1